Map: Traitor's Exile

Players

Throwfordays - Winner!

  • Race: Protoss Protoss
  • League: Silver
  • Spawn Location: 6:00

Faust - Winner!

  • Race: Zerg Zerg
  • League: Diamond
  • Spawn Location: 5:00

Sephiroth

  • Race: Terran Terran
  • League: Gold
  • Spawn Location: 9:00

TerranMuscle

  • Race: Terran Terran
  • League: Platinum
  • Spawn Location: 12:00

VOD

Have the link to the VOD?

Description

Time

  • Played on: April 1, 2019, 10:42 p.m.
  • Length: 20:43
Show
View Real Time Build Order
Export as new Build Order

Throwfordays Protoss - Winner!

Build Orders: Nexus First, Carriers 

Get SALT Encoding   

  12  0:01  Probe  
  13  0:13  Probe  
  14  0:20  Pylon  
  14  0:26  Probe  
  15  0:39  Probe  
  16  1:00  Nexus  
  16  1:04  Probe  
  17  1:13  Pylon  
  17  1:21  Forge  
  17  1:28  Assimilator  
  17  1:34  Probe  
  18  1:46  Probe  
  19  1:53  Gateway  
  19  1:59  Probe  
  20  2:01  Gateway  
  20  2:10  Pylon  
  20  2:13  Probe  
  20  2:14  Pylon  
  21  2:21  Probe  
  21  2:29  Probe  
  23  2:41  Probe  
  23  2:42  Photon Cannon  
  23  2:51  Photon Cannon  
  23  2:53  Probe  
  22  3:05  Probe  
  22  3:07  Probe  
  22  3:12  Pylon  
  23  3:13  Probe  
  23  3:19  Probe  
  24  3:21  Probe  
  25  3:27  Photon Cannon  
  25  3:32  Probe  
  26  3:37  Pylon  
  26  3:41  Photon Cannon  
  26  3:49  Photon Cannon  
  26  3:51  Probe  
  27  4:03  Probe  
  28  4:10  Photon Cannon  
  28  4:16  Probe  
  29  4:18  Photon Cannon  
  29  4:28  Probe  
  30  4:37  Assimilator  
  30  4:38  Cybernetics Core  
  30  4:40  Probe  
  30  4:41  Probe  
  30  4:44  Protoss Shields Level 1  
  32  4:46  Assimilator  
  32  4:49  Assimilator  
  32  4:52  Probe  
  33  4:53  Probe  
  34  5:04  Probe  
  34  5:05  Probe  
  36  5:16  Shield Battery, Probe  
  36  5:17  Shield Battery  
  37  5:23  Shield Battery  
  37  5:26  Photon Cannon  
  38  5:28  Probe  
  38  5:30  Photon Cannon  
  38  5:32  Pylon  
  38  5:38  Photon Cannon  
  38  5:50  Photon Cannon  
  38  5:53  Photon Cannon  
  38  5:58  Photon Cannon  
  38  6:01  Photon Cannon  
  38  6:05  Photon Cannon  
  38  6:08  Photon Cannon, Probe  
  38  6:10  Probe  
  40  6:22  Probe  
  41  6:25  Shield Battery  
  41  6:29  Shield Battery  
  41  6:33  Shield Battery  
  41  6:34  Probe  
  42  6:40  Probe  
  42  6:42  Pylon  
  43  6:50  Nexus  
  43  6:52  Probe  
  44  6:57  Photon Cannon  
  44  7:01  Photon Cannon  
  44  7:04  Probe  
  44  7:05  Photon Cannon  
  44  7:07  Photon Cannon  
  45  7:16  Probe  
  45  7:21  Probe  
  47  7:28  Photon Cannon, Probe  
  47  7:29  Warp Gate  
  48  7:30  Photon Cannon  
  48  7:33  Probe  
  49  7:41  Probe  
  50  7:45  Probe  
  50  7:50  Pylon  
  51  7:52  Pylon  
  51  7:53  Probe  
  51  7:57  Probe  
  53  7:59  Pylon  
  53  8:00  Assimilator  
  53  8:03  Probe  
  53  8:04  Assimilator  
  53  8:09  Probe  
  53  8:12  Stargate, Probe  
  55  8:15  Stargate  
  55  8:18  Stargate  
  56  8:21  Stargate, Probe  
  56  8:26  Twilight Council  
  57  8:33  Probe  
  58  8:35  Robotics Facility  
  58  8:38  Pylon  
  58  8:42  Pylon  
  58  8:45  Pylon, Probe  
  58  8:46  Probe  
  60  8:48  Pylon  
  60  8:50  Protoss Shields Level 2  
  60  8:53  Pylon  
  60  8:58  Probe x2  
  62  9:08  Fleet Beacon  
  62  9:10  Cybernetics Core, Probe  
  63  9:27  Protoss Air Weapons Level 1  
  63  9:47  Carrier x2  
  63  9:48  Carrier x2  
  81  9:57  Nexus  
  81  9:58  Pylon  
  87  10:02  Assimilator  
  87  10:03  Protoss Air Armor Level 1  
  87  10:06  Assimilator  
  87  10:19  Probe  
  88  10:26  Probe  
  89  10:29  Probe  
  89  10:32  Probe  
  91  10:38  Probe  
  91  10:41  Probe  
  93  10:44  Probe  
  93  10:46  Carrier x3  
  93  10:48  Carrier  
  94  10:50  Probe  
  94  10:53  Probe  
  94  10:56  Probe  
  121  11:08  Probe  
  122  11:18  Probe  
  123  11:26  Probe  
  124  11:33  Protoss Shields Level 3  
  124  11:36  Probe  
  125  11:48  Probe  
  125  11:52  Protoss Air Weapons Level 2  
  126  12:00  Probe  
  115  12:22  Carrier  
  115  12:23  Carrier x3  
  121  12:39  Probe  
  122  12:51  Probe  
  117  13:13  Pylon  
  117  13:16  Pylon  
  117  13:17  Pylon  
  117  13:18  Stalker  
  119  13:20  Pylon  
  119  13:23  Carrier x2  
  119  13:27  Carrier x2  
  128  13:48  Protoss Air Armor Level 2  
  104  14:26  Immortal  
  90  14:51  Void Ray x2  
  90  14:52  Void Ray x2  
  100  15:12  Protoss Ground Armor Level 1  
  92  15:34  Tempest x3  
  92  15:35  Protoss Air Weapons Level 3  
  107  15:49  Stargate  
  107  15:51  Stargate  
  107  15:54  Stargate  
  107  15:55  Probe  
  108  16:07  Probe  
  109  16:13  Assimilator  
  109  16:16  Protoss Air Armor Level 3  
  109  16:17  Tempest x3  
  124  16:37  Void Ray  
  124  16:38  Stargate x2  
  132  16:41  Stargate  
  116  17:07  Void Ray x2  
  116  17:08  Void Ray  
  109  17:20  Void Ray  
  113  17:25  Void Ray  
  113  17:26  Void Ray x2  
  125  17:50  Tempest x2, Void Ray  
  139  18:00  Nexus  
  139  18:04  Assimilator  
  139  18:09  Assimilator  
  139  18:12  Pylon  
  139  18:15  Pylon  
  139  18:21  Pylon  
  139  18:22  Pylon  
  139  18:24  Pylon  
  139  18:26  Pylon  
  139  18:27  Pylon  
  139  18:30  Tempest, Void Ray  
  139  18:32  Tempest  
  153  18:39  Tempest  
  158  18:41  Pylon  
  158  18:44  Pylon  
  158  18:47  Pylon  
  158  19:05  Void Ray  
  158  19:06  Tempest x2  
Show
View Real Time Build Order
Export as new Build Order

Faust Zerg - Winner!

Build Orders: Hatch First 

Get SALT Encoding   

  12  0:01  Drone  
  13  0:11  Drone  
  14  0:16  Extractor  
  14  0:17  Drone  
  15  0:23  Overlord  
  16  0:42  Drone  
  16  0:43  Drone  
  17  0:55  Hatchery  
  16  0:59  Drone  
  16  1:02  Drone  
  18  1:09  Extractor  
  17  1:19  Spawning Pool  
  17  1:22  Drone  
  17  1:26  Drone  
  17  1:29  Drone  
  19  1:43  Overlord  
  19  2:06  Queen  
  19  2:07  Queen  
  23  2:09  Zergling x4  
  23  2:13  Metabolic Boost  
  25  2:16  Drone  
  25  2:22  Drone  
  27  2:24  Drone  
  28  2:36  Zergling x2  
  29  2:37  Drone x2  
  31  2:49  Lair  
  31  2:50  Overlord  
  31  2:52  Drone  
  32  3:00  Drone x2  
  34  3:25  Drone x5  
  34  3:26  Drone x4  
  43  3:30  Extractor  
  42  3:38  Drone x2  
  42  3:40  Overlord  
  44  3:50  Hatchery  
  43  4:00  Drone x3  
  43  4:02  Drone  
  47  4:05  Drone x2, Spire  
  47  4:07  Extractor  
  47  4:09  Extractor  
  46  4:10  Drone  
  46  4:11  Drone  
  46  4:35  Zergling x2  
  46  4:38  Drone x2  
  46  4:39  Drone x2  
  46  4:40  Zergling x4  
  46  4:43  Overlord x4  
  52  4:48  Evolution Chamber  
  52  4:50  Evolution Chamber  
  50  4:55  Drone x2  
  52  5:07  Spine Crawler  
  52  5:08  Spine Crawler  
  52  5:11  Drone x8  
  52  5:12  Drone  
  59  5:14  Drone  
  59  5:18  Mutalisk  
  52  5:21  Zergling x2  
  46  5:29  Mutalisk x2  
  46  5:34  Mutalisk  
  46  5:42  Mutalisk  
  48  5:43  Mutalisk  
  48  5:49  Mutalisk  
  50  6:02  Mutalisk  
  40  6:26  Drone x4  
  40  6:27  Drone x6  
  44  6:45  Drone x5  
  45  6:53  Drone  
  45  6:54  Drone  
  43  7:19  Mutalisk x4  
  51  7:29  Mutalisk  
  53  7:40  Drone x4  
  53  7:43  Drone x2  
  59  7:44  Zerg Flyer Weapons Level 1  
  59  7:48  Drone x2  
  61  7:58  Drone x3  
  64  8:08  Spawning Pool  
  64  8:09  Drone x5  
  66  8:36  Mutalisk x4  
  74  8:48  Drone  
  74  8:49  Drone x6  
  74  8:54  Queen  
  83  8:59  Drone x4  
  83  9:00  Infestation Pit  
  83  9:01  Drone x2  
  83  9:02  Drone  
  89  9:12  Drone  
  89  9:13  Overlord  
  89  9:14  Queen, Extractor, Hatchery, Overlord x2  
  89  9:15  Extractor  
  89  9:47  Mutalisk x6  
  89  9:48  Mutalisk  
  101  9:56  Drone x4  
  101  9:57  Drone x2  
  107  10:02  Zerg Melee Weapons Level 1  
  107  10:12  Drone  
  107  10:13  Drone  
  109  10:23  Extractor  
  109  10:27  Extractor  
  89  10:32  Baneling Nest  
  89  10:33  Drone x3  
  89  10:34  Drone x9  
  98  10:38  Zergling x2  
  98  10:39  Zergling x4  
  99  10:44  Zerg Flyer Weapons Level 2  
  99  10:46  Hive  
  99  10:52  Drone x3  
  99  10:55  Drone x3  
  99  10:56  Drone x2  
  107  10:57  Drone  
  107  11:02  Zergling x2  
  107  11:03  Zergling x2  
  107  11:04  Zergling x2  
  111  11:08  Overlord x2  
  111  11:09  Overlord  
  111  11:18  Centrifical Hooks  
  111  11:23  Queen  
  99  11:41  Zergling x2, Baneling x3  
  99  11:42  Zergling x18  
  99  11:59  Zergling x2  
  78  12:03  Baneling  
  78  12:04  Baneling x13  
  78  12:07  Zergling x2  
  78  12:08  Zergling x10  
  79  12:18  Zergling x12  
  77  12:35  Zergling x6  
  77  12:39  Zerg Melee Weapons Level 2  
  77  12:40  Zerg Ground Armor Level 1  
  77  12:43  Zergling x2  
  74  12:48  Zergling x6  
  72  13:06  Overseer  
  72  13:07  Extractor  
  72  13:09  Hatchery  
  72  13:11  Extractor  
  65  13:26  Zergling x6  
  65  13:27  Zergling x10  
  64  13:30  Greater Spire  
  67  13:42  Zergling x12  
  67  13:43  Zergling x4  
  67  13:48  Adrenal Glands  
  70  13:59  Zergling x4  
  67  14:16  Zergling x16  
  69  14:22  Overlord, Ultralisk Cavern  
  67  14:29  Drone  
  67  14:31  Drone x2  
  70  14:42  Hatchery  
  61  15:10  Drone x6  
  61  15:11  Drone x2  
  61  15:12  Ultralisk x5  
  61  15:13  Ultralisk  
  101  15:23  Zergling x4  
  103  15:29  Zergling x6  
  103  15:55  Corruptor  
  103  15:56  Corruptor x3  
  111  16:01  Drone  
  112  16:09  Overlord  
  112  16:10  Overlord x5  
  112  16:22  Extractor  
  111  16:27  Spawning Pool  
  111  16:29  Drone  
  111  16:30  Drone x11  
  122  16:37  Zerg Melee Weapons Level 3  
  122  16:47  Drone x3  
  122  16:48  Drone x3  
  115  17:29  Drone  
  117  17:30  Extractor, Drone x4  
  117  17:31  Drone x6  
  117  17:32  Overlord x4  
  125  17:42  Zerg Ground Armor Level 2  
  125  17:49  Ultralisk Cavern  
  121  18:00  Zergling x20  
  121  18:01  Extractor  
  128  18:08  Extractor  
  128  18:11  Hatchery  
  121  18:15  Zergling x2  
  121  18:16  Zergling x14  
  129  18:21  Corruptor  
  103  18:44  Ultralisk x2  
  103  18:56  Ultralisk x2  
  115  19:15  Corruptor x3  
  115  19:16  Corruptor  
  119  19:30  Zergling x2  
  119  19:31  Zergling x14  
  111  20:05  Zergling x18  
  111  20:06  Zergling x8  
Show
View Real Time Build Order
Export as new Build Order

Sephiroth Terran 

Build Orders:  

Get SALT Encoding   

  12  0:01  SCV  
  13  0:16  Supply Depot  
  13  0:19  SCV  
  14  0:26  Refinery  
  14  0:31  SCV  
  15  0:45  Barracks  
  15  0:48  SCV  
  16  1:00  SCV  
  17  1:08  Refinery  
  17  1:13  SCV  
  18  1:25  SCV  
  19  1:34  Reaper  
  19  1:35  Barracks  
  19  1:38  SCV  
  21  1:50  SCV  
  22  2:03  SCV  
  23  2:13  Supply Depot  
  23  2:16  Supply Depot  
  23  2:22  Barracks Reactor  
  23  2:26  Supply Depot  
  23  2:35  Reaper  
  24  2:40  Supply Depot  
  24  2:51  Barracks  
  24  3:02  Reaper  
  24  3:03  Reaper  
  26  3:07  Reaper  
  27  3:24  Engineering Bay  
  27  3:26  Orbital Command  
  27  3:34  Reaper  
  27  3:35  Reaper  
  27  3:38  Barracks Reactor  
  27  3:39  Reaper  
  30  3:53  Terran Infantry Weapons Level 1  
  30  4:07  Reaper x2  
  32  4:11  Reaper  
  32  4:14  Reaper x2  
  35  4:39  Reaper x2  
  35  4:43  Reaper  
  38  4:46  Reaper x2  
  40  5:11  Reaper  
  40  5:54  Marine x3  
  40  5:55  Marine x2  
  44  6:12  Marine x4  
  35  6:48  Marine x4  
  36  6:55  Terran Infantry Armor Level 1  
  35  7:04  Barracks Tech Lab  
  35  7:05  Marine  
  35  7:06  Marine x3  
  39  7:18  Supply Depot  
  39  7:23  Marine x3  
  39  7:24  Marine, Combat Shield  
  39  7:27  Marine  
  39  7:29  Command Center  
  44  7:41  Marine x4  
  44  7:42  Missile Turret  
  44  7:43  Missile Turret  
  48  7:44  Marine  
  48  7:45  Missile Turret  
  49  7:59  Marine x4  
  49  8:00  Missile Turret  
  49  8:02  Marine  
  54  8:17  Marine x4  
  58  8:20  Marine  
  59  8:34  Marine  
  59  8:35  Marine x3  
  59  8:41  Marine  
  64  8:46  Factory  
  64  8:52  Marine  
  64  8:55  Hi-Sec Auto Tracking  
  65  9:00  Missile Turret  
  65  9:02  SCV  
  66  9:14  SCV  
  67  9:18  Missile Turret  
  64  9:51  SCV  
  65  10:03  SCV  
  66  10:15  SCV, Armory  
  67  10:27  SCV  
  68  10:39  SCV  
  69  10:46  Starport  
  69  10:51  SCV  
  70  11:01  Command Center  
  70  11:04  SCV, Terran Infantry Weapons Level 2  
  71  11:16  SCV  
  72  11:28  Stimpack  
  72  12:10  Marine  
  72  12:11  Marine x4  
  77  12:28  Marine x2  
  77  12:29  Marine x2  
  42  12:47  Medivac  
  42  12:50  Marine x5  
  45  13:00  Supply Depot  
  45  13:07  Marine  
  45  13:08  Marine x3  
  49  13:17  Medivac  
  51  13:22  Terran Infantry Weapons Level 3  
  51  13:25  Marine x3  
  51  13:26  Marine x2  
  56  13:37  SCV  
  57  13:43  Marine, SCV  
  57  13:47  Medivac  
  61  13:49  SCV  
  61  13:55  SCV  
  63  14:00  Marine  
  63  14:01  Marine x4  
  63  14:02  SCV  
  69  14:17  Medivac  
  71  14:42  Marine x2  
  73  14:51  Starport Tech Lab  
  71  15:57  Marine x2  
  71  15:58  Marine x3  
  76  16:15  Marine x3  
  76  16:16  Marine x2  
  81  16:18  Medivac  
  83  16:33  Marine x4  
  83  16:34  Marine  
  88  16:48  Medivac  
  88  16:51  Marine x4  
  86  17:18  Medivac  
  62  17:28  Marine x2  
  62  17:29  Marine x3  
  52  17:38  Barracks  
  52  17:40  Barracks  
  52  17:46  Marine x3  
  52  17:47  Marine x2  
  57  18:01  Terran Infantry Armor Level 2  
  57  18:04  Marine x5, Factory Tech Lab  
  62  18:22  Marine x5  
  67  18:40  Marine x5  
  57  18:49  Barracks Reactor  
  57  18:51  Barracks Reactor  
  57  18:55  SCV  
  58  18:57  Marine  
  58  18:58  Marine x4  
  63  19:05  Siege Tank  
  63  19:07  SCV  
  67  19:19  Marine x4, SCV  
  67  19:20  Marine  
  73  19:37  Marine x5  
  73  19:38  Siege Tank  
  70  19:55  Marine x2  
  70  19:57  Marine x7  
  66  20:10  Siege Tank  
  66  20:12  Marine  
  66  20:13  Marine  
  65  20:14  Marine  
  65  20:15  Marine x6  
Show
View Real Time Build Order
Export as new Build Order

TerranMuscle Terran 

Build Orders: 2 Factory, Gas First Reaper Expand 

Get SALT Encoding   

  12  0:01  SCV  
  13  0:13  SCV  
  14  0:20  Supply Depot  
  14  0:28  Refinery  
  14  0:30  SCV  
  15  0:44  Barracks  
  15  0:47  SCV  
  16  0:59  SCV  
  17  1:11  SCV  
  18  1:23  SCV  
  19  1:33  Reaper  
  19  1:36  Orbital Command  
  20  1:51  Command Center  
  20  2:03  Factory  
  20  2:06  SCV  
  21  2:17  Refinery  
  21  2:18  SCV  
  21  2:20  Supply Depot  
  22  2:40  Barracks Reactor  
  22  3:10  Factory Tech Lab  
  22  3:12  Orbital Command  
  22  3:13  Factory  
  22  3:31  Cyclone  
  22  3:33  Orbital Command  
  24  3:42  Command Center  
  24  3:45  Mag-Field Accelerator  
  24  3:52  SCV  
  25  4:04  SCV x2  
  25  4:09  Cyclone  
  30  4:11  Hellion x2  
  30  4:16  SCV x2  
  36  4:21  Refinery  
  36  4:28  SCV x2  
  34  4:35  Hellion  
  34  4:36  Hellion  
  38  4:42  SCV x2  
  38  4:44  Cyclone  
  43  4:54  SCV x2  
  43  4:56  Orbital Command  
  45  5:07  Hellion x2  
  45  5:12  SCV x2  
  45  5:39  Hellion x2, Cyclone  
  52  5:49  SCV x3, Armory  
  55  5:50  Command Center  
  55  6:01  SCV x3  
  58  6:10  Hellion  
  60  6:14  Supply Depot  
  60  6:16  Supply Depot  
  60  6:17  Refinery  
  60  6:18  SCV  
  60  6:21  Factory  
  61  6:36  SCV x3, Hellion  
  66  6:43  Hellion, Cyclone  
  71  6:52  Infernal Pre-Igniter  
  71  6:53  SCV  
  71  6:54  SCV x2  
  74  7:01  Hellion x4  
  71  7:08  Command Center  
  63  7:17  Thor, Factory Tech Lab  
  63  7:19  Hellion x2  
  63  7:39  Thor  
  63  7:42  Hellion x2  
  69  7:51  Terran Vehicle Weapons Level 1, Engineering Bay  
  69  7:53  Armory  
  69  7:55  Orbital Command  
  69  7:57  SCV x2  
  71  8:02  Thor  
  71  8:03  Starport x2  
  77  8:08  Smart Servos  
  77  8:09  SCV x2  
  77  8:10  SCV  
  80  8:18  Missile Turret  
  80  8:21  SCV x2  
  71  8:37  Orbital Command  
  71  8:40  Missile Turret  
  70  8:42  Missile Turret  
  69  8:50  Missile Turret  
  69  8:52  Starport Reactor x2, Missile Turret x2  
  69  8:57  SCV x3  
  69  8:58  SCV  
  73  9:04  SCV  
  73  9:09  SCV x2  
  76  9:13  Terran Vehicle And Ship Armor Level 1  
  76  9:24  Thor x2  
  76  9:26  SCV, Hellion x2  
  93  9:42  Missile Turret  
  93  9:43  Viking x4, Missile Turret  
  99  10:02  SCV  
  99  10:03  SCV x4  
  99  10:06  Hellion  
  106  10:10  Supply Depot  
  106  10:12  Supply Depot x2  
  106  10:13  Supply Depot x2  
  106  10:14  SCV  
  106  10:15  Factory  
  106  10:17  Factory  
  107  10:32  Viking x2, Hellion x2  
  107  10:33  Viking x2  
  107  10:34  SCV x4  
  123  10:53  Refinery  
  123  10:55  Refinery  
  123  10:59  Hellion x2, Factory Tech Lab  
  123  11:00  Factory Reactor  
  123  11:02  Thor  
  133  11:13  Thor  
  133  11:14  Viking  
  141  11:48  Thor  
  147  11:56  Supply Depot  
  147  11:57  Thor, Viking  
  155  12:04  Viking  
  155  12:08  Viking  
  155  12:10  Viking  
  112  12:39  Hellion x2  
  112  12:40  Viking, Hellion x2  
  112  12:41  Viking x3  
  112  12:42  Thor  
  110  13:02  Hellion x5  
  118  13:22  Viking x3  
  118  13:23  Viking  
  118  13:24  Hellion x2  
  118  13:25  Thor, Hellion x2  
  110  14:02  Thor x2  
  120  14:03  Viking x4  
  120  14:05  Hellion x2  
  124  14:25  Hellion  
  124  14:26  Hellion x4  
  114  14:53  Thor  
  114  14:54  Thor  
  96  15:17  Thor  
  96  15:18  Viking x3  
  106  15:24  SCV x2  
  106  15:25  SCV  
  99  15:43  Viking  
  99  15:45  Widow Mine x4  
  99  15:48  Viking, Hellion x2  
  101  15:55  Supply Depot x2  
  99  15:58  Viking x2  
  99  16:00  Hellion  
  105  16:23  Orbital Command  
  85  17:06  Thor x2, Hellion x4  
  85  17:07  Viking x3, Hellion  
  97  17:10  SCV  
  97  17:11  SCV x3  
  97  17:20  Refinery  
  97  17:21  Refinery  
  91  17:23  Terran Vehicle Weapons Level 2  
  91  17:27  Thor  
  97  17:33  Hellion x3  
  97  17:34  Hellion  
  105  17:42  Command Center  
  105  17:49  Thor  
  105  17:50  Hellion  
  113  18:00  Viking x2  
  117  18:10  Thor  
  117  18:11  Thor, Widow Mine x4  
  117  18:12  Viking x2  
  129  18:23  Drilling Claws  
  117  18:32  Thor  
  102  18:48  Widow Mine x4  
  110  18:49  Viking x4  
  118  19:00  Command Center  
  118  19:04  Command Center  
  118  19:07  Thor  
  112  19:28  Hellion x4  
  112  19:29  Hellion x2  
  112  19:40  Viking x4  
  120  19:49  Hellion  
  72  20:20  Widow Mine x6  
Tags
 
Add a new tag
Caveats
  • Supply blocks, unpowered buildings, or Contaminate may cause inaccurate times.
  • Supply counts are checked every 10 seconds.